Map: Ultralove

Players

IIIIIIII - Winner!

  • Race: Terran Terran
  • Spawn Location: 7:00

Moja

  • Race: Terran Terran
  • League: Grandmaster
  • Spawn Location: 1:00

VOD

Have the link to the VOD?

Description

Time

  • Played on: April 9, 2025, 5:50 p.m.
  • Length: 6:40
Show
View Real Time Build Order
Export as new Build Order

IIIIIIII Terran - Winner!

Build Orders:  

Get SALT Encoding   

  12  0:00  SCV  
  13  0:12  SCV  
  14  0:17  Supply Depot  
  14  0:24  SCV  
  15  0:38  SCV  
  15  0:40  Barracks  
  16  0:44  Refinery  
  16  0:51  SCV  
  16  0:53  Refinery  
  17  1:03  SCV  
  18  1:15  SCV  
  19  1:28  Orbital Command  
  19  1:29  Barracks Reactor  
  19  1:32  Supply Depot  
  19  1:43  Factory  
  19  1:53  SCV  
  20  2:06  SCV, Reaper x2  
  23  2:20  SCV  
  24  2:27  Command Center  
  24  2:30  Hellion  
  24  2:33  SCV  
  27  2:39  Reaper x2  
  27  2:43  Supply Depot  
  29  2:52  Hellion  
  31  3:01  Starport  
  31  3:05  SCV  
  32  3:10  Marine  
  32  3:11  Marine  
  34  3:15  Factory Tech Lab  
  34  3:17  SCV  
  35  3:29  SCV  
  35  3:34  Marine x2  
  36  3:35  Refinery  
  36  3:38  Cyclone  
  37  4:00  Marine x2  
  37  4:01  Viking  
  40  4:03  Orbital Command, SCV  
  41  4:10  Siege Tank  
  44  4:24  Marine x2  
  44  4:25  SCV  
  45  4:33  SCV  
  45  4:37  SCV  
  45  4:38  Supply Depot  
  47  4:43  Siege Tank  
  47  4:45  SCV  
  51  4:49  SCV  
  51  4:50  Viking  
  54  4:52  Barracks Tech Lab  
  54  4:55  Supply Depot  
  54  4:59  Viking  
  57  5:00  SCV  
  57  5:03  SCV  
  57  5:12  SCV  
  57  5:15  SCV  
  58  5:22  Viking  
  60  5:29  Viking  
  60  5:31  SCV x2  
  64  5:37  Supply Depot  
  64  5:39  Marine  
  64  5:41  Siege Tank  
  68  5:43  SCV  
  68  5:44  Starport  
  68  5:46  SCV  
  70  5:59  SCV x2  
  70  6:00  Marauder  
  70  6:01  Refinery  
  70  6:02  Supply Depot  
  74  6:11  SCV x2  
  78  6:21  Starport Reactor  
  78  6:23  SCV x2  
  82  6:28  Supply Depot  
  82  6:29  Supply Depot  
Show
View Real Time Build Order
Export as new Build Order

Moja Terran 

Build Orders:  

Get SALT Encoding   

  12  0:00  SCV  
  13  0:12  SCV  
  14  0:16  Supply Depot  
  14  0:24  SCV  
  15  0:38  SCV  
  15  0:39  Barracks  
  15  0:42  Refinery  
  16  0:50  SCV  
  16  0:52  Refinery  
  17  1:02  SCV  
  18  1:14  SCV  
  19  1:26  Reaper  
  19  1:27  Orbital Command  
  19  1:32  Supply Depot  
  20  1:39  Factory  
  20  1:52  SCV  
  21  1:58  Reaper  
  22  2:04  SCV  
  23  2:13  Command Center  
  23  2:16  SCV  
  24  2:23  Hellion  
  24  2:28  SCV  
  27  2:30  Barracks Reactor  
  27  2:38  Starport  
  27  2:40  SCV  
  28  2:45  Supply Depot  
  28  2:49  Factory Tech Lab  
  28  2:53  SCV  
  29  3:05  SCV  
  30  3:08  Siege Tank, Marine x2  
  35  3:17  SCV  
  36  3:20  Medivac  
  36  3:26  Marine x2  
  40  3:29  Orbital Command  
  40  3:32  SCV  
  38  3:46  SCV  
  38  3:47  Cyclone  
  38  3:57  SCV  
  38  3:59  SCV  
  38  4:00  Marine x2  
  40  4:06  Medivac  
  40  4:09  SCV  
  43  4:11  SCV  
  41  4:21  SCV  
  41  4:23  SCV, Marine x2  
  41  4:33  SCV  
  41  4:35  SCV  
  41  4:36  Siege Tank  
  46  4:40  Refinery  
  46  4:41  Supply Depot  
  46  4:46  SCV  
  46  4:47  SCV  
  46  4:49  Viking x2  
  52  4:59  SCV  
  52  5:06  SCV  
  53  5:11  SCV  
  54  5:16  Supply Depot  
  54  5:18  SCV  
  55  5:23  SCV  
  55  5:24  Viking x2  
  60  5:30  SCV  
  60  5:35  SCV  
  62  5:38  Siege Tank  
  62  5:42  SCV  
  66  5:44  Supply Depot  
  66  5:47  SCV  
  59  5:54  SCV  
  58  5:59  SCV  
  58  6:01  Viking x2  
  63  6:06  SCV  
  64  6:11  SCV  
  68  6:19  SCV, Command Center  
  68  6:23  SCV  
  68  6:24  Barracks Tech Lab  
  70  6:27  Refinery  
Tags
 
Matchup
TvT
Player
Moja
Race
Terran
Replay Pack
Moja Replays
Spawn Locations
Cross Positions
Add a new tag
Caveats
  • Supply blocks, unpowered buildings, or Contaminate may cause inaccurate times.
  • Supply counts are checked every 10 seconds.